 Dungeon Crawl Stone Soup version 0.13.0-11-g0187522 (webtiles) character file.

828 Deemzul the Insei (level 7, 0/47 HPs)
             Began as an Octopode Monk on Oct 18, 2013.
             Slain by a phantom (7 damage)
             ... on Level 5 of the Dungeon.
             The game lasted 00:10:29 (3920 turns).

Deemzul the Insei (Octopode Monk)                   Turns: 3920, Time: 00:10:29

HP   0/47        AC  1     Str 10      XL: 7   Next: 46%
MP   6/6         EV  8     Int 12      God:
Gold 209         SH 22     Dex 17      Spells:  0 memorised,  6 levels left

Res.Fire  : . . .   See Invis. : .     - Unarmed
Res.Cold  : . . .   Warding    : .   e - +2 large shield
Life Prot.: . . .   Conserve   : .   (helmet restricted)
Res.Poison: .       Res.Corr.  : .   (no amulet)
Res.Elec. : .       Clarity    : .   a - ring of flight
Sust.Abil.: + .     Spirit.Shd : .   p - ring of sustenance
Res.Mut.  : .       Stasis     : .   v - ring of sustain abilities {unknown}
Res.Rott. : .       Flight     : .   (no ring)
Saprovore : . . .                    (no ring)
                                     (no ring)
                                     (no ring)
                                     (no ring)

@: slightly resistant to hostile enchantments, quite stealthy
A: almost no armour, amphibious, 8 rings, constrict 8, camouflage 1, AC +1
a: Evoke Flight


You were on level 5 of the Dungeon.
You were not hungry.

You visited 1 branch of the dungeon, and saw 5 of its levels.
You also visited: Sewer.

You collected 221 gold pieces.
You spent 12 gold pieces at shops.

Inventory:

Hand weapons
 y - a +1 blowgun
Missiles
 n - 29 poisoned needles
Armour
 e - a +2 large shield (worn)
Magical devices
 s - a wand of random effects (0)
Comestibles
 b - 4 bread rations
 o - a pear
 u - 2 chokos
Scrolls
 c - 3 scrolls of remove curse {unknown}
 i - 3 scrolls of teleportation {unknown}
 k - a scroll of fear {unknown}
 l - 2 scrolls of fog {unknown}
 t - a scroll of recharging {unknown}
 w - 4 scrolls of blinking {unknown}
 B - a scroll of magic mapping {unknown}
 D - 2 scrolls of identify {unknown}
Jewellery
 a - a ring of flight (left tentacle)
 p - a ring of sustenance (right tentacle)
 v - a ring of sustain abilities (on tentacle) {unknown}
Potions
 d - 2 potions of might {unknown}
 f - 3 potions of confusion
 g - a potion of slowing {unknown}
 h - 2 potions of brilliance {unknown}
 j - 5 potions of curing
 m - 2 potions of paralysis {unknown}
 q - a potion of invisibility {unknown}
 r - a potion of poison {unknown}
 z - 3 potions of heal wounds {unknown}


   Skills:
 + Level 5.4 Fighting
 - Level 3.0 Dodging
 - Level 2.6 Stealth
 * Level 7.5 Unarmed Combat


You had 6 spell levels left.
You didn't know any spells.

Dungeon Overview and Level Annotations

Branches:
Dungeon (5/27)
 Temple: D:4-7

Altars:
Cheibriados
Kikubaaqudgha
Xom

Shops:
D:4 !   D:5 [}*/


Innate Abilities, Weirdness & Mutations

You cannot wear most types of armour.
You are amphibious.
You can wear up to eight rings at the same time.
You can use your tentacles to constrict many enemies at once.
Your skin changes colour to match your surroundings (Stlth).
Your rubbery body absorbs attacks (AC +1).


Message History

You miss the phantom.
Your tentacle-slap misses the phantom.
The phantom is heavily damaged.
The phantom hits you!
* * * LOW HITPOINT WARNING * * *
You swing at nothing.
The phantom blinks!
You swing at nothing.
You bludgeon the phantom!
The phantom is almost destroyed.
The phantom is no longer moving slowly.
You block the phantom's attack.
You hit the phantom.
The phantom is almost destroyed.
The phantom blinks!
You swing at nothing.
You barely miss the phantom. Your squeeze misses the phantom.
The phantom is almost destroyed.
The phantom barely misses you.
You hit the phantom.
The phantom is almost destroyed.
The phantom hits you!
You die...

.[...........................
......###......#.##........#
....>.# #......#.##........##
####### #......#.##..........
#......#.##........##
########.##8.......#
#.##.########
########.##.########
........@p.∩........
###########.######## #.# #8#
#.# ###


You could see a phantom.

Vanquished Creatures
  2 big kobolds (Sewer)
  3 crimson imps (D:3)
  An orc priest (D:3)
  Crazy Yiuf (D:2)
  An iguana (D:4)
  An orc wizard (D:3)
  Jessica (D:2)
  A hound skeleton (D:5)
  7 adders
  2 green rats (Sewer)
  4 giant mites
  3 worms
  A grey rat (D:4)
  A giant eyeball (D:4)
  5 giant geckos
  2 oozes (Sewer)
  8 orcs
  A ball python (Sewer)
  16 bats
  4 giant cockroaches
  5 goblins
  8 hobgoblins
  5 jackals
  12 kobolds
  2 giant newts (D:1)
  A hobgoblin skeleton (D:5)
  6 rats
104 creatures vanquished.

Vanquished Creatures (others)
  A human (D:2)
1 creature vanquished.

Grand Total: 105 creatures vanquished

Notes
Turn   | Place    | Note
--------------------------------------------------------------
     0 | D:1      | Deemzul, the Octopode Monk, began the quest for the Orb.
     0 | D:1      | Reached XP level 1. HP: 14/14 MP: 0/0
   235 | D:1      | Reached XP level 2. HP: 19/19 MP: 1/1
   711 | D:2      | Reached XP level 3. HP: 9/25 MP: 2/2
   859 | D:2      | Found an ancient bone altar of Kikubaaqudgha.
   860 | D:2      | Noticed a human
   862 | D:2      | Killed a human
   862 | D:2      | Noticed a human zombie
   908 | D:2      | Noticed Jessica
   911 | D:2      | Killed Jessica
   911 | D:2      | Reached skill level 5 in Unarmed Combat
   971 | D:2      | Reached XP level 4. HP: 30/30 MP: 3/3
  1126 | D:2      | Noticed Crazy Yiuf
  1136 | D:2      | Killed Crazy Yiuf
  1332 | D:3      | Reached XP level 5. HP: 32/36 MP: 4/4
  1654 | D:3      | Found a shimmering altar of Xom.
  1792 | D:3      | Reached skill level 6 in Unarmed Combat
  1810 | D:3      | Reached XP level 6. HP: 18/42 MP: 5/5
  2699 | D:4      | Found a glowing drain.
  2724 | Sewer    | Entered a sewer
  2960 | Sewer    | Reached skill level 5 in Fighting
  2960 | Sewer    | Reached skill level 7 in Unarmed Combat
  2960 | Sewer    | Reached XP level 7. HP: 40/47 MP: 6/6
  3388 | D:4      | Found Unga's Distillery.
  3399 | D:4      | Bought a potion of confusion for 12 gold pieces
  3759 | D:5      | Entered Level 5 of the Dungeon
  3781 | D:5      | Found Gisigatu's Assorted Antiques.
  3785 | D:5      | Found a snail-covered altar of Cheibriados.
  3820 | D:5      | Found Stiel's Gadget Boutique.
  3829 | D:5      | Found Rosy's Armour Boutique.
  3882 | D:5      | Found Buxzayca's Magical Wand Shoppe.
  3920 | D:5      | Slain by a phantom

Action                   |  1- 3 |  4- 6 |  7- 9 || total
-------------------------+-------+-------+-------++-------
Melee: Unarmed           |    46 |   145 |    54 ||   245
Evoke: Wand              |       |     2 |     1 ||     3
  Use: Potion            |     1 |       |     4 ||     5
       Scroll            |       |     3 |       ||     3
 Stab: Sleeping          |     9 |     9 |     6 ||    24
       Distracted        |       |     1 |       ||     1
